 Dungeon Crawl Stone Soup version 0.26-a0-812-g31a745ddcd (webtiles) character file.

Game seed: 1659273862265512179

534 lorenzova the Magician (level 7, 0/36 HPs)
             Began as a Deep Elf Conjurer on Dec 4, 2020.
             Slain by Duvessa
             ... wielding a +0 short sword
              (4 damage)
             ... on level 4 of the Dungeon.
             The game lasted 00:05:48 (3887 turns).

lorenzova the Magician (Deep Elf Conjurer)          Turns: 3887, Time: 00:05:48

Health: 0/36       AC:  4    Str:  4    XL:     7   Next: 4%
Magic:  8/20       EV: 13    Int: 25    God:
Gold:   127        SH:  0    Dex: 13    Spells: 18/21 levels left

rFire    . . .     SeeInvis .   (no weapon)
rCold    . . .     Faith    .   (no shield)
rNeg     . . .     Spirit   .   a - +0 robe
rPois    .         Reflect  .   (no helmet)
rElec    .         Harm     .   (no cloak)
rCorr    .         Rampage  .   u - +1 pair of gloves
MR       .....                  (no boots)
Stlth    ++........             (no amulet)
HPRegen  0.12/turn              (no ring)
MPRegen  0.17/turn              (no ring)

@: no status effects
A: no striking features
a: no special abilities


You were on level 4 of the Dungeon.
You visited 1 branch of the dungeon, and saw 4 of its levels.

You collected 127 gold pieces.

Inventory:

Armour
 a - a +0 robe (worn)
 u - a +1 pair of gloves (worn)
Jewellery
 r - an uncursed amulet of magic regeneration {unknown}
Scrolls
 b - 3 scrolls of remove curse
 d - a scroll of amnesia {unknown}
 e - a scroll of identify {unknown}
 f - a scroll of fear {unknown}
 g - a scroll of random uselessness {unknown}
 n - a scroll of teleportation {unknown}
 q - a scroll of fog {unknown}
 t - a scroll of blinking {unknown}
 v - a scroll of magic mapping {unknown}
Potions
 c - 2 potions of magic {unknown}
 h - 2 potions of curing {unknown}
 i - 2 potions of brilliance {unknown}
 j - a potion of experience {unknown}
 k - a potion of invisibility {unknown}
 l - 3 potions of lignification {unknown}
 m - a potion of flight {unknown}
 o - a potion of might {unknown}
 p - 3 potions of degeneration {unknown}
 s - a potion of attraction {unknown}
 w - a potion of haste {unknown}


   Skills:
 - Level 2.4 Dodging
 - Level 2.4 Stealth
 + Level 7.5 Spellcasting
 + Level 7.3 Conjurations


You had 18 spell levels left.
You knew the following spells:

 Your Spells              Type           Power        Failure   Level
a - Magic Dart            Conj           ####         1%          1
b - Searing Ray           Conj           #####.       1%          2

Your spell library contained the following spells:

 Spells                   Type           Power        Failure   Level
 Dazzling Flash           Conj/Hex       ####..       4%          3
 Fulminant Prism          Conj/Hex       ####......   14%         4
 Iskenderun's Mystic Bla  Conj/Tloc      ####....     14%         4


Dungeon Overview and Level Annotations

Branches:
Dungeon (4/15)
 Temple: D:4-7

Altars:
Cheibriados
Makhleb

Annotations:
D:4 Duvessa


Message History

Duvessa is heavily wounded.
Duvessa hits you with a +0 short sword! Duvessa hits you but does no damage.
The searing ray hits Duvessa!
Duvessa is severely wounded.
Duvessa hits you with a +0 short sword!
* * * LOW HITPOINT WARNING * * *
The searing ray hits Duvessa.
Duvessa is almost dead.
You finish channeling your searing ray.
Duvessa closely misses you. Duvessa barely misses you.
Casting: Searing Ray (safe; 1% risk of failure)
Confirm with . or Enter, or press ? or * to list all spells.
Aiming: Searing Ray (safe; 1% risk of failure)
Press: ? - help, Shift-Dir - straight line, f/p - Duvessa
Aim: Duvessa, wielding a +0 short sword and wearing a +0 leather armour (almost dead, berserk)
The searing ray hits Duvessa!
Duvessa is almost dead. (Press . to maintain the ray.) Duvessa hits you with a +0 short sword.
You die...

..... #..#
#..######### ####
#.......?... ..#
#.##.####### #.#
#.....#########.#
##.##............
##e#############..
#@## ### #.## #.#
##


You could see Duvessa (berserk).

Vanquished Creatures
  Grinder (D:3)
  Dowan (D:4)
  A howler monkey (D:4)
  A centaur skeleton (D:2)
  A jelly (D:4)
  Terence (D:2)
  A hound skeleton (D:4)
  Robin (D:3)
  A howler monkey skeleton (D:2)
  5 adders
  2 dart slugs
  2 leopard geckos (D:2)
  A ball python (D:3)
  8 bats
  4 giant cockroaches
  16 goblins
  10 hobgoblins
  9 jackals
  3 frilled lizards
  7 kobolds
  13 rats
89 creatures vanquished.

Notes
Turn   | Place    | Note
-------+----------+-------------------------------------------
     0 | D:1      | lorenzova the Deep Elf Conjurer began the quest for the
                  | Orb.
     0 | D:1      | Reached XP level 1. HP: 10/10 MP: 6/6
   271 | D:1      | Reached XP level 2. HP: 15/15 MP: 2/8
   326 | D:1      | Learned a level 2 spell: Searing Ray
   930 | D:1      | Reached skill level 5 in Conjurations
   930 | D:1      | Reached XP level 3. HP: 19/19 MP: 5/10
  1187 | D:2      | Noticed Terence
  1607 | D:2      | Reached XP level 4. HP: 24/24 MP: 10/12
  1703 | D:2      | Killed Terence
  1703 | D:2      | Reached skill level 5 in Spellcasting
  2060 | D:2      | Found a snail-covered altar of Cheibriados.
  2099 | D:2      | Reached XP level 5. HP: 27/28 MP: 9/14
  2556 | D:3      | Noticed Robin
  2616 | D:3      | Killed Robin
  2754 | D:3      | Noticed Grinder
  2761 | D:3      | Killed Grinder
  2761 | D:3      | Reached XP level 6. HP: 21/32 MP: 6/17
  3348 | D:3      | Found a burning altar of Makhleb.
  3350 | D:3      | Noticed a green death
  3354 | D:3      | Noticed a smoke demon
  3354 | D:3      | Noticed an orange demon
  3868 | D:4      | Noticed Dowan
  3878 | D:4      | Noticed Duvessa
  3880 | D:4      | Killed Dowan
  3880 | D:4      | Reached XP level 7. HP: 29/36 MP: 17/20
  3887 | D:4      | Slain by Duvessa

Illustrated notes

Levels and vault maps discovered:
D:1:      minmay_arrival_glassed_features, layout_loops_ring,
          chequers_mini_garden
D:2:      layout_rooms, kennysheep_cross_bottleneck, kennysheep_flooded_box,
          uniq_terence
D:3:      layout_basic, kennysheep_crisscross, makhleb_altar_promises_db,
          uniq_robin, uniq_grinder
D:4:      layout_loops_ring, uniq_duvessa

Skill      XL: |  1  2  3  4  5  6 |
---------------+-------------------+-----
Spellcasting   | 4 5 6 7 |  7.5
Conjurations   | 5 6 7 |  7.3
Dodging        | |  2.4
Stealth        | |  2.4

Action                   |  1- 3 |  4- 6 |  7- 9 || total
-------------------------+-------+-------+-------++-------
 Cast: Magic Dart        |    67 |    62 |       ||   129
       Searing Ray       |     1 |    16 |     2 ||    19
  Use: Scroll            |       |     1 |       ||     1
Armor: Robe              |     1 |     2 |     1 ||     4
Dodge: Dodged            |     4 |     5 |     3 ||    12

Table legend: (Time is in decaauts)
 A = Elapsed time spent in this place.
 B = Non-inter-level travel time spent in this place.
 C = Inter-level travel time spent in this place.
 D = Time resting spent in this place.
 E = Time spent auto-exploring this place.
 F = Levels seen in this place.
 G = Mean time per level.
                   A        B        C        D        E       F      G
               +--------+--------+--------+--------+--------+-----+--------+
         Total |   3888 |   3718 |    170 |   1504 |   1878 |   4 |  972.0 |
       Dungeon |   3888 |   3718 |    170 |   1504 |   1878 |   4 |  972.0 |
               +--------+--------+--------+--------+--------+-----+--------+

Top non-repeatable levels by time:
     D:1: 1258 daAuts
     D:2: 1205 daAuts
     D:3: 959 daAuts
     D:4: 464 daAuts
